 Dungeon Crawl Stone Soup version 0.31-a0-331-geda263fcf1 (webtiles) character file.

Game seed: 15727712537537608205

31682 croobank the Fighter (level 13, -9/116 HPs)
             Began as a Demonspawn Monk on July 19, 2023.
             Was the Champion of Jiyva.
             Mangled by a skeletal warrior
             ... wielding a +0 mace
              (28 damage)
             ... on level 14 of the Dungeon.
             The game lasted 01:07:25 (10953 turns).

croobank the Fighter (Demonspawn Monk)             Turns: 10953, Time: 01:07:25

Health: -9/116     AC:  7    Str: 21    XL:     13   Next: 27%
Magic:  26/26      EV: 17    Int: 13    God:    Jiyva [******]
Gold:   507        SH:  0    Dex: 14    Spells: 29/31 levels left

rFire   + + .        s - +5 woodcutter's axe
rCold   + + +        (shield currently unavailable)
rNeg    . . .        e - +3 leather armour {rC+}
rPois   .            (no helmet)
rElec   .            U - +0 cloak
rCorr   +            R - +0 pair of gloves
SInv    .            (no boots)
Will    .....        (no amulet)
Stlth   +            k - ring of protection from cold
HPRegen 2.79/turn    l - ring of protection from fire
MPRegen 0.70/turn

%: no passive effects
@: mighty
A: claws 1, ignite blood 2, powered by death 3, sturdy frame 1, cold resistance
3, fire resistance 1, regeneration 1, robust 1, strong 2, eyeballs 2, pseudopods
2
a: Renounce Religion, Oozemancy, Slimify


You were on level 14 of the Dungeon.
You worshipped Jiyva.
Jiyva was exalted by your worship.
You visited 1 branch of the dungeon, and saw 14 of its levels.
You also visited: Sewer.

You collected 549 gold pieces.
You spent 42 gold pieces at shops.

Inventory:

Hand Weapons
 a - a +3 dagger of freezing
 b - a +2 orcbow of draining
 s - the +5 woodcutter's axe (weapon)
   (You found it on level 5 of the Dungeon)
 u - a +5 falchion of freezing
 F - a +2 scimitar of flaming
 I - a +2 short sword of speed
 K - a +3 halberd
 M - a +2 long sword
 N - a +3 dagger of chaos
Missiles
 E - 5 curare-tipped darts
 H - 9 poisoned darts (quivered)
Armour
 d - an orb of light
 e - a +3 leather armour of cold resistance (worn)
 f - a +0 ring mail
 j - a scarf of shadows
 w - a +0 robe of positive energy
 y - +1 acid dragon scales
 B - a +0 troll leather armour
 G - a +0 kite shield
 R - a +0 pair of gloves (worn)
 U - a +0 cloak (worn)
Jewellery
 k - a ring of protection from cold (left hand)
 l - a ring of protection from fire (right hand)
 m - a +6 ring of strength
Wands
 C - a wand of acid (5)
 D - a wand of mindburst (8)
 S - a wand of paralysis (4)
 T - a wand of iceblast (3)
Scrolls
 o - a scroll of summoning
 p - 2 scrolls of enchant weapon
 q - 2 scrolls of vulnerability
 r - 2 scrolls of enchant armour
 v - 3 scrolls of teleportation
 L - a scroll of amnesia
 O - a scroll of fog
 P - a scroll of poison
Potions
 c - a potion of ambrosia
 g - a potion of heal wounds
 h - a potion of enlightenment
 i - 4 potions of curing
 n - a potion of brilliance
 t - 3 potions of might
 x - 2 potions of resistance {unknown}
 z - 3 potions of attraction {unknown}
 A - a potion of magic {unknown}
Miscellaneous
 J - a phial of floods


   Skills:
 + Level 11.3 Fighting
 - Level 9.6 Short Blades
 - Level 5.0 Armour
 + Level 10.5 Dodging
 + Level 9.9 Spellcasting
 + Level 4.0 Conjurations
 + Level 3.5 Translocations
 + Level 3.5 Fire Magic


You had 29 spell levels left.
You knew the following spells:

 Your Spells              Type           Power      Damage    Failure   Level
a - Foxfire               Conj/Fire      64%        2x1d7     2%          1
b - Apportation           Tloc           30%        N/A       2%          1

Your spell library contained the following spells:

 Spells                   Type           Power      Damage    Failure   Level
 Freeze                   Ice            24%        1d4       12%         1
 Necrotise                Necr           24%        1d5       12%         1
 Summon Small Mammal      Summ           24%        N/A       12%         1
 Hailstorm                Conj/Ice       11%        3d5       14%         3
 Sublimation of Blood     Necr           6%         N/A       17%         2
 Frozen Ramparts          Ice            12%        1d2       34%         3
 Vampiric Draining        Necr           6%         2d6       34%         3
 Petrify                  Tmut/Erth      6%         N/A       75%         4
 Summon Ice Beast         Ice/Summ       6%         N/A       75%         4
 Irradiate                Conj/Tmut      5%         3d13      80%         5
 Agony                    Necr           6%         N/A       97%         5
 Simulacrum               Ice/Necr       3%         N/A       100%        6


Dungeon Overview and Level Annotations

Branches:
Dungeon (14/15)            Temple (0/1) D:4            Lair (0/5) D:8
    Orc (0/2) D:9          Vaults (0/5) D:14          Sewer (visited)

Altars:
Ashenzari
Dithmenos
Hepliaklqana
Nemelex Xobeh
Okawaru
Ru
Vehumet
Wu Jian
Yredelemnul
Jiyva

Shops:
D:2 ?   D:5 (*![?   D:9 [

Annotations:
D:3 2 runed translucent doors, bmack86's ghost, weakling MiFi
D:12 2 transporters, exclusion: oklob plant, porpoise's ghost, journeyman HOFi


Innate Abilities, Weirdness & Mutations

You have sharp fingernails.
Your demonic aura often causes spilled blood to erupt in flames.
You regenerate a lot of health from kills.
Your movements are slightly less encumbered by armour. (ER -2)
Your flesh is almost immune to the effects of cold. (rC+++)
Your flesh is heat resistant. (rF+)
Your natural rate of healing is unusually fast.
You are robust. (+10% HP)
Your muscles are very strong. (Str +8, Int/Dex -2)
Your body has grown many eyes which may confuse attackers. (Acc +5)
Armour fits poorly on your large pseudopods.


Message History

You hit the skeletal warrior.
Your bludgeon misses the skeletal warrior.
The skeletal warrior is heavily damaged.
You closely miss the skeletal warrior.
The skeletal warrior hits you with a +0 mace!!
The skeletal warrior is engulfed in blazing flames.
The skeletal warrior hits you with a +0 long sword!
You hit the skeletal warrior.
The skeletal warrior is heavily damaged.
You hit the skeletal warrior but do no damage.
The skeletal warrior hits you with a +0 mace!!
The skeletal warrior is engulfed in blazing flames.
The skeletal warrior hits you with a +0 long sword!
You hit the skeletal warrior but do no damage.
The skeletal warrior is heavily damaged.
You hit the skeletal warrior but do no damage.
The skeletal warrior hits you but does no damage.
The skeletal warrior is engulfed in blazing flames.
The skeletal warrior hits you with a +0 long sword!
* * * LOW HITPOINT WARNING * * *
The skeletal warrior attacks as you move away!
The skeletal warrior hits you with a +0 long sword!
* * * LOW HITPOINT WARNING * * *
The skeletal warrior is engulfed in blazing flames.
Okay, then.
You feel much better.
The skeletal warrior hits you with a +0 mace!
The skeletal warrior closely misses you.
You feel very mighty all of a sudden. The skeletal warrior misses you.
The skeletal warrior hits you with a +0 long sword!
* * * LOW HITPOINT WARNING * * *
The skeletal warrior attacks as you move away!
The skeletal warrior hits you with a +0 long sword!
* * * LOW HITPOINT WARNING * * *
The skeletal warrior is engulfed in blazing flames.
You closely miss the skeletal warrior.
The skeletal warrior is severely damaged.
The skeletal warrior hits you with a +0 mace!!
You die...

##...##...##...##..
##.##..⌠..##'##...
##...##...##...##..
##.....##.##.....##.
#.......#'#.......'.
##.....##.##.....##.
##.z.##...##...##..
##z##..⌠..##'##...
##@..##...##...##..
##.....##.##.....##.
#.J.....#'#.......#'
##.....##.##.....##.
##...##...##...##..
##.##.....##'###..
#..###...##..# ###
#..####.###..# #
##.##.#'#....#


You could see 2 skeletal warriors and a neutral jelly (wandering) (fellow
slime).

Vanquished Creatures
  7 centaur warriors
  A catoblepas (D:13)
  4 two-headed ogres
  A tengu warrior (D:14)
  Sonja (D:13)
  4 manticores
  A deep elf pyromancer (D:14)
  3 ugly things
  Maurice (D:13)
  A cyclops (D:12)
  An elephant (D:7)
  4 unseen horrors
  A gargoyle (D:14)
  Psyche (D:11)
  Maggie (D:10)
  An efreet (D:13)
  A troll (shapeshifter) (D:13)
  A komodo dragon (D:12)
  5 trolls
  Grinder (D:3)
  Prince Ribbit (D:6)
  Sigmund (D:7)
  2 vampires
  A shadow (D:9)
  3 wyverns
  2 basilisks
  2 wraiths
  33 yaks
  7 vampire mosquitoes
  An acid dragon (D:12)
  2 water moccasins
  Pargi (Sewer)
  5 orc warriors
  2 black bears
  An ogre (D:6)
  11 centaurs
  4 phantoms
  2 kobold brigands
  6 bullfrogs
  2 scorpions
  11 wights
  12 killer bees
  8 electric eels (D:10)
  3 howler monkeys
  8 orc priests
  3 hounds
  2 jellies
  A gnoll bouda (D:9)
  3 sleepcaps
  An iguana (D:5)
  6 orc wizards
  11 adders
  2 gnolls (D:7)
  4 white imps
  A dart slug (D:5)
  23 orcs
  6 bats
  5 giant cockroaches
  4 goblins
  6 hobgoblins
  6 jackals
  10 kobolds
  3 quokkas
  7 ball pythons
  4 frilled lizards
  4 rats
284 creatures vanquished.

Vanquished Creatures (collateral kills)
  A rakshasa (D:13)
  3 two-headed ogres
  A deep elf knight (D:9)
  A cyclops (D:13)
  An efreet (D:9)
  A yak (D:9)
  An acid dragon (D:9)
  A centaur (D:9)
  2 bullfrogs (D:9)
  3 kobold brigands (D:9)
  A gnoll sergeant (D:9)
  An orc priest (D:4)
  An orc wizard (D:4)
  A howler monkey simulacrum (D:9)
  An orc (D:4)
20 creatures vanquished.

Vanquished Creatures (others)
  An ironbound preserver (D:14)
  A centaur warrior (D:14)
  3 ugly things
  A manticore (D:14)
  A gargoyle (D:13)
  An efreet (D:14)
  A tengu conjurer (D:14)
  A troll (D:12)
  8 slime creatures
  An acid dragon (D:12)
  Duvessa (D:4)
  A centaur (D:6)
  A phantom (D:5)
  A scorpion (D:4)
  Dowan (D:4)
  3 howler monkeys
  44 jellies
  An iguana (D:5)
  An orc wizard (D:5)
  5 adders
  A river rat (D:3)
  A worm (D:3)
  2 dart slugs
  3 orcs
  2 ball pythons
  A bat (D:2)
  4 endoplasms
  3 giant cockroaches
  A goblin (D:4)
  2 hobgoblins (D:4)
  2 jackals (D:4)
  A quokka (D:5)
  A frilled lizard (D:3)
  3 kobolds
  2 rats
  43 foxfires
150 creatures vanquished.

Grand Total: 454 creatures vanquished

Notes
Turn   | Place    | Note
-------+----------+-------------------------------------------
     0 | D:1      | croobank the Demonspawn Monk began the quest for the Orb.
     0 | D:1      | Reached XP level 1. HP: 18/18 MP: 1/1
   378 | D:1      | Gained mutation: You regenerate a little health from kills.
                  | [demonic ancestry]
   378 | D:1      | Reached XP level 2. HP: 24/24 MP: 2/2
  1006 | D:1      | Found a faded altar of an unknown god.
  1012 | D:1      | Got Plato's Handbook of Immolation
  1015 | D:1      | Learned a level 1 spell: Foxfire
  1015 | D:1      | Prayed at the altar of an unknown god.
  1015 | D:1      | Became a worshipper of Jiyva Jumul the Shapeless
  1015 | D:1      | Reached * piety under Jiyva
  1015 | D:1      | Reached ** piety under Jiyva
  1183 | D:2      | Reached skill level 1 in Armour
  1183 | D:2      | Reached XP level 3. HP: 29/29 MP: 3/3
  1242 | D:2      | Found Ymmas's Magic Scroll Boutique.
  1245 | D:2      | Bought a scroll of identify for 20 gold pieces
  1246 | D:2      | Reached *** piety under Jiyva
  1474 | D:2      | Gained mutation: Your natural rate of healing is unusually
                  | fast. [Jiyva's grace]
  1474 | D:2      | Gained mutation: You heal very quickly. [Jiyva's grace]
  1474 | D:2      | Gained mutation: You regenerate. [Jiyva's grace]
  1474 | D:2      | Gained mutation: You have large cloven feet. [Jiyva's
                  | grace]
  1523 | D:2      | Gained mutation: Your demonic aura sometimes causes spilled
                  | blood to erupt in flames. [demonic ancestry]
  1523 | D:2      | Reached XP level 4. HP: 35/35 MP: 4/4
  1918 | D:2      | Reached **** piety under Jiyva
  2073 | D:3      | Found a basalt altar of Yredelemnul.
  2263 | D:3      | Noticed Grinder
  2269 | D:3      | Found a runed translucent door.
  2272 | D:3      | Noticed bmack86's ghost (weakling MiFi)
  2301 | D:3      | Paralysed by Grinder for 4 turns
  2312 | D:3      | Paralysed by Grinder for 5 turns
  2320 | D:3      | Paralysed by Grinder for 4 turns
  2325 | D:3      | Killed Grinder
  2326 | D:3      | Reached skill level 4 in Fighting
  2326 | D:3      | Reached skill level 1 in Spellcasting
  2326 | D:3      | Gained mutation: You have sharp fingernails. [demonic
                  | ancestry]
  2326 | D:3      | Reached XP level 5. HP: 39/42 MP: 4/7
  2326 | D:3      | Gained mutation: Your demonic aura often causes spilled
                  | blood to erupt in flames. [demonic ancestry]
  2326 | D:3      | Reached XP level 6. HP: 44/48 MP: 4/8
  2415 | D:3      | Found a runed translucent door.
  2667 | D:4      | Found a sacrificial altar of Ru.
  2758 | D:4      | Found a staircase to the Ecumenical Temple.
  2760 | D:4      | Reached ***** piety under Jiyva
  2869 | D:4      | Gained mutation: You regenerate health from kills. [demonic
                  | ancestry]
  2869 | D:4      | Reached XP level 7. HP: 55/55 MP: 10/10
  2932 | D:4      | Killed Duvessa
  2946 | D:4      | Killed Dowan
  3158 | D:4      | Lost mutation: You regenerate. [Jiyva's grace]
  3158 | D:4      | Gained mutation: You have a somewhat thin skeletal
                  | structure. (Dex +2, Stealth+) [Jiyva's grace]
  3158 | D:4      | Gained mutation: You have a moderately thin skeletal
                  | structure. (Dex +4, Stealth++) [Jiyva's grace]
  3158 | D:4      | Gained mutation: You have an unnaturally thin skeletal
                  | structure. (Dex +6, Stealth+++) [Jiyva's grace]
  3158 | D:4      | Gained mutation: You expend magic power (3 MP) to
                  | strengthen your wands. [Jiyva's grace]
  3159 | D:4      | Upgraded the game from 0.31-a0-325-g067879e3d3 to
                  | 0.31-a0-331-geda263fcf1
  3557 | D:5      | Entered Level 5 of the Dungeon
  3593 | D:5      | Reached skill level 5 in Fighting
  3597 | D:5      | Reached XP level 8. HP: 62/62 MP: 12/12
  3639 | D:5      | Found a glowing drain.
  3648 | Sewer    | Entered a sewer
  3729 | Sewer    | Noticed Pargi
  3740 | Sewer    | Killed Pargi
  3795 | D:5      | Found Arakh's Assorted Antiques.
  3867 | D:5      | Found a radiant altar of Vehumet.
  3925 | D:5      | Found the +5 woodcutter's axe
  3941 | D:5      | Found Caosoh's Magic Scroll Boutique.
  3946 | D:5      | Found Bufimuoh's Antique Armour Emporium.
  3949 | D:5      | Bought a scroll of identify for 22 gold pieces
  4032 | D:5      | Found Atom's Distillery.
  4101 | D:5      | Found Joexe's Antique Weapon Boutique.
  4293 | D:6      | Noticed Prince Ribbit
  4300 | D:6      | Killed Prince Ribbit
  4301 | D:6      | Reached skill level 5 in Short Blades
  4301 | D:6      | Reached skill level 5 in Dodging
  4476 | D:6      | Found a shadowy altar of Dithmenos.
  4477 | D:6      | Reached ****** piety under Jiyva
  4551 | D:6      | Lost mutation: You have an unnaturally thin skeletal
                  | structure. (Dex +6, Stealth+++) [Jiyva's grace]
  4551 | D:6      | Lost mutation: You heal very quickly. [Jiyva's grace]
  4551 | D:6      | Gained mutation: You have supernaturally acute eyesight.
                  | (SInv) [Jiyva's grace]
  4551 | D:6      | Gained mutation: Armour fits poorly on your pseudopods.
                  | [Jiyva's grace]
  4551 | D:6      | Gained mutation: Armour fits poorly on your large
                  | pseudopods. [Jiyva's grace]
  4551 | D:6      | Gained mutation: Armour fits poorly on your massive
                  | pseudopods. [Jiyva's grace]
  4862 | D:7      | Reached skill level 6 in Fighting
  4980 | D:7      | You fall into a shaft and drop 2 floors!
  5042 | D:8      | Found a sparkling altar of Nemelex Xobeh.
  5075 | D:8      | Noticed an elephant
  5083 | D:8      | Found a staircase to the Lair.
  5084 | D:8      | Noticed a two-headed ogre
  5095 | D:7      | Killed an elephant
  5096 | D:7      | Gained mutation: You regenerate a lot of health from kills.
                  | [demonic ancestry]
  5096 | D:7      | Reached XP level 9. HP: 50/69 MP: 15/15
  5148 | D:7      | Noticed Sigmund
  5154 | D:7      | Killed Sigmund
  5192 | D:7      | Reached skill level 5 in Armour
  5235 | D:7      | Reached skill level 5 in Spellcasting
  5589 | D:8      | Reached skill level 7 in Fighting
  5717 | D:8      | Found a broken altar of Ashenzari.
  5907 | D:9      | Noticed a troll
  5912 | D:9      | Killed a troll
  5913 | D:9      | Gained mutation: Your movements are slightly less
                  | encumbered by armour. (ER -2) [demonic ancestry]
  5913 | D:9      | Reached XP level 10. HP: 79/79 MP: 18/18
  5918 | D:9      | Lost mutation: You have large cloven feet. [Jiyva's grace]
  5918 | D:9      | Lost mutation: You have a moderately thin skeletal
                  | structure. (Dex +4, Stealth++) [Jiyva's grace]
  5918 | D:9      | Gained mutation: You have a small jelly attached to you
                  | that senses nearby items. [Jiyva's grace]
  5918 | D:9      | Gained mutation: Your melee attacks may engulf your foes in
                  | ooze. [Jiyva's grace]
  5918 | D:9      | Gained mutation: Your flesh is heat resistant. (rF+)
                  | [Jiyva's grace]
  5918 | D:9      | Gained mutation: Your flesh is very heat resistant. (rF++)
                  | [Jiyva's grace]
  5972 | D:9      | Found a staircase to the Orcish Mines.
  5977 | D:9      | Found Botejaha's Armour Shop.
  6025 | D:9      | Found an iron altar of Okawaru.
  6038 | D:9      | Found an ornate altar of the Wu Jian Council.
  6300 | D:9      | Noticed a two-headed ogre
  6319 | D:9      | Killed a two-headed ogre
  6320 | D:9      | Reached skill level 8 in Fighting
  6427 | D:9      | Noticed a two-headed ogre
  6435 | D:9      | Killed a two-headed ogre
  6452 | D:9      | Noticed a deep elf knight
  6453 | D:9      | Noticed a two-headed ogre
  6461 | D:9      | Learned a level 1 spell: Apportation
  6466 | D:9      | Killed a deep elf knight
  6467 | D:9      | Reached XP level 11. HP: 79/87 MP: 21/21
  6471 | D:9      | Killed a two-headed ogre
  6740 | D:9      | Reached skill level 9 in Fighting
  6852 | D:9      | Noticed a centaur warrior
  6857 | D:9      | Killed a centaur warrior
  6875 | D:9      | Noticed a centaur warrior
  6883 | D:9      | Killed a centaur warrior
  7143 | D:10     | Entered Level 10 of the Dungeon
  7157 | D:10     | Found a hazy altar of Hepliaklqana.
  7177 | D:10     | Noticed Maggie
  7193 | D:10     | Killed Maggie
  7421 | D:10     | Noticed a two-headed ogre
  7431 | D:10     | Killed a two-headed ogre
  7432 | D:10     | Reached skill level 10 in Fighting
  7565 | D:10     | Reached XP level 12. HP: 91/97 MP: 24/24
  8206 | D:11     | Noticed Psyche
  8216 | D:11     | Killed Psyche
  8226 | D:11     | Noticed a centaur warrior
  8235 | D:11     | Killed a centaur warrior
  8247 | D:11     | Lost mutation: You have a somewhat thin skeletal structure.
                  | (Dex +2, Stealth+) [Jiyva's grace]
  8247 | D:11     | Lost mutation: You have a small jelly attached to you that
                  | senses nearby items. [Jiyva's grace]
  8247 | D:11     | Lost mutation: Your melee attacks may engulf your foes in
                  | ooze. [Jiyva's grace]
  8247 | D:11     | Gained mutation: Your flesh is cold resistant. (rC+)
                  | [Jiyva's grace]
  8247 | D:11     | Gained mutation: Your flesh is very cold resistant. (rC++)
                  | [Jiyva's grace]
  8247 | D:11     | Gained mutation: Your flesh is almost immune to the effects
                  | of cold. (rC+++) [Jiyva's grace]
  8247 | D:11     | Gained mutation: You are robust. (+10% HP) [Jiyva's grace]
  8494 | D:11     | Reached skill level 1 in Conjurations
  8639 | D:11     | Reached skill level 1 in Translocations
  8639 | D:11     | Reached skill level 1 in Fire Magic
  8738 | D:12     | Noticed a two-headed ogre
  8759 | D:12     | Killed a two-headed ogre
  8866 | D:12     | Found a transporter.
  8921 | D:12     | Found a transporter.
  8971 | D:12     | Noticed a boulder beetle
  8987 | D:12     | Noticed porpoise's ghost (journeyman HOFi)
  8997 | D:12     | Noticed a centaur warrior
  9178 | D:12     | Reached skill level 10 in Dodging
  9523 | D:13     | Noticed a centaur warrior
  9525 | D:13     | Noticed Jorgrun
  9530 | D:13     | Slimified Jorgrun
  9530 | D:13     | Jorgrun changed into Jorgrun the azure jelly
  9530 | D:13     | Noticed Jorgrun
  9530 | D:13     | Killed a centaur warrior
  9544 | D:13     | Noticed a two-headed ogre
  9549 | D:13     | Killed a two-headed ogre
  9690 | D:13     | Noticed Maurice
  9692 | D:13     | Noticed a rakshasa
  9692 | D:13     | Noticed a two-headed ogre
  9698 | D:13     | Killed a two-headed ogre
  9703 | D:13     | Killed a rakshasa
  9711 | D:13     | Killed Maurice
  9712 | D:13     | Reached skill level 11 in Fighting
  9750 | D:13     | Noticed a centaur warrior
  9759 | D:13     | Killed a centaur warrior
  9785 | D:13     | Lost mutation: You have supernaturally acute eyesight.
                  | (SInv) [Jiyva's grace]
  9785 | D:13     | Lost mutation: Your flesh is very heat resistant. (rF++)
                  | [Jiyva's grace]
  9785 | D:13     | Lost mutation: Armour fits poorly on your massive
                  | pseudopods. [Jiyva's grace]
  9785 | D:13     | Lost mutation: You expend magic power (3 MP) to strengthen
                  | your wands. [Jiyva's grace]
  9785 | D:13     | Gained mutation: Your muscles are strong. (Str +4, Int/Dex
                  | -1) [Jiyva's grace]
  9785 | D:13     | Gained mutation: Your muscles are very strong. (Str +8,
                  | Int/Dex -2) [Jiyva's grace]
  9785 | D:13     | Gained mutation: Your body has grown eyes which may confuse
                  | attackers. (Acc +3) [Jiyva's grace]
  9785 | D:13     | Gained mutation: Your body has grown many eyes which may
                  | confuse attackers. (Acc +5) [Jiyva's grace]
  9978 | D:13     | Noticed a catoblepas
  9982 | D:13     | Noticed Sonja
  9994 | D:13     | Killed a catoblepas
  9995 | D:13     | Reached XP level 13. HP: 64/116 MP: 22/26
  9997 | D:13     | Killed Sonja
 10476 | D:14     | Killed an ironbound preserver
 10573 | D:14     | Found a gate to the Vaults.
 10611 | D:14     | a five-headed hydra changed into a quicksilver ooze
 10611 | D:14     | Noticed a quicksilver ooze (shapeshifter)
 10620 | D:14     | a quicksilver ooze changed into a bunyip
 10620 | D:14     | Noticed a bunyip (shapeshifter)
 10953 | D:14     | Mangled by a skeletal warrior

Illustrated notes

Levels and vault maps discovered:
D:1:      dpeg_arrival_rooms_with_view, layout_basic,
          shapermc_ecumenical_altar_rom_forum
D:2:      layout_loops_corners, serial_shops, nicolae_shop_real_fake_doors,
          kennysheep_generic_room_8
D:3:      layout_loops_ring, mainiacjoe_overflow_small_starburst,
          ebering_ghost_sewer_f, minmay_ruptured, uniq_grinder
D:4:      layout_basic, kennysheep_little_box, minmay_temple_entry_ruins,
          chequers_ossuary_entry_cave, uniq_duvessa
D:5:      layout_gridville, nicolae_vehumet_radiance, portal_sewer_entry_f,
          serial_shops, shop, nicolae_shop_trees, shop, shop, shop
D:6:      layout_basic, grunt_dithmenos_smoke, st_stairs_10,
          grunt_decor_fettered, nicolae_benzene_ring, uniq_prince_ribbit1
D:7:      layout_loops_ring, sigmund_army
D:8:      layout_cave_pools, mainiacjoe_overflow_brackets,
          nemelex_spade_bored_becter, david_lair_generic
D:9:      nzn_winding_woodlands_stair_cross
          [nzn_winding_woodlands_5x15_longhouse,
          nzn_winding_woodlands_center_garden,
          nzn_winding_woodlands_5x15_jagged, nzn_winding_woodlands_5x5_cross,
          nzn_winding_woodlands_5x5_closed_star,
          nzn_winding_woodlands_5x15_pool, nzn_winding_woodlands_center_lodge,
          nzn_winding_woodlands_5x15_sawtooth], layout_basic,
          mainiacjoe_overflow_catwalk_spiral, orc_david_3,
          hangedman_abyss_or_decor_passed
D:10:     layout_cave_pods, mainiacjoe_overflow_24_doors, serial_bayou,
          serial_bayou_pond_c, serial_bayou_lagoon_b, serial_bayou_lagoon_a,
          serial_bayou_shore_b, uniq_maggie
D:11:     layout_roguey, corexii_checkpoint_a, grunt_ministairs_9, uniq_psyche
D:12:     layout_basic, nzn_ghost_randoct
D:13:     layout_basic, lemuel_flamethrower_3, uniq_maurice, uniq_jorgrun,
          uniq_sonja
D:14:     wander_river, layout_layer_cave, skrybe_vaults_entry_preservation,
          nicolae_hexahallways, serial_shops, shop

Skill      XL: |  1  2  3  4  5  6  7  8  9 10 11 12 13 |
---------------+----------------------------------------+-----
Short Blades   | 3 4 5 6 7 9 |  9.6
Dodging        | 3 4 5 6 7 9 10 | 10.5
Armour         | 1 2 3 4 5 |  5.0
Fighting       | 4 5 6 7 8 10 11 | 11.3
Spellcasting   | 1 2 3 4 5 7 8 9 |  9.9
Conjurations   | 3 4 |  4.0
Translocations | 2 3 |  3.5
Fire Magic     | 2 3 |  3.5

Action                     |  1- 3 |  4- 6 |  7- 9 | 10-12 | 13-15 || total
---------------------------+-------+-------+-------+-------+-------++-------
  Melee: Short sword       |   137 |   132 |    57 |       |       ||   326
         Kick              |     4 |    54 |    52 |       |       ||   110
         Battleaxe         |       |       |    96 |   437 |    44 ||   577
         Pseudopods        |       |       |    24 |   106 |    13 ||   143
         Dagger            |       |       |       |     4 |       ||     4
         Punch             |       |       |       |     1 |       ||     1
   Fire: Orcbow            |       |       |    26 |    25 |    37 ||    88
  Throw: Dart              |       |       |       |    17 |       ||    17
   Cast: Foxfire           |       |    16 |     8 |     4 |       ||    28
         Apportation       |       |       |       |     6 |       ||     6
 Invoke: Oozemancy         |       |       |     1 |     1 |     1 ||     3
         Slimify           |       |       |       |     1 |       ||     1
  Evoke: Wand              |       |       |       |       |     1 ||     1
    Use: Scroll            |     1 |     4 |     7 |     4 |     1 ||    17
         Potion            |       |     1 |       |       |     2 ||     3
   Stab: Sleeping          |       |       |    16 |       |       ||    16
         Distracted        |       |       |       |     1 |       ||     1
 Armour: Robe              |    13 |       |       |       |       ||    13
         Leather armour    |    28 |    30 |    41 |    71 |    25 ||   195
  Dodge: Dodged            |    87 |    77 |   127 |   416 |    79 ||   786

Table legend: (Time is in decaauts)
 A = Elapsed time spent in this place.
 B = Non-inter-level travel time spent in this place.
 C = Inter-level travel time spent in this place.
 D = Time resting spent in this place.
 E = Time spent auto-exploring this place.
 F = Levels seen in this place.
 G = Mean time per level.
                   A        B        C        D        E       F      G
               +--------+--------+--------+--------+--------+-----+--------+
         Total |  11013 |  10674 |    339 |    345 |   7756 |  15 |  734.2 |
       Dungeon |  10871 |  10532 |    339 |    345 |   7725 |  14 |  776.5 |
         Sewer |    141 |    141 |      0 |      0 |     30 |   1 |  141.0 |
               +--------+--------+--------+--------+--------+-----+--------+

Top non-repeatable levels by time:
     D:9: 1253 daAuts
     D:1: 1156 daAuts
    D:10: 897 daAuts
     D:4: 873 daAuts
     D:2: 829 daAuts
    D:12: 806 daAuts
    D:13: 739 daAuts
    D:14: 721 daAuts
    D:11: 717 daAuts
     D:3: 649 daAuts
     D:7: 640 daAuts
     D:6: 639 daAuts
     D:8: 497 daAuts
     D:5: 449 daAuts
   Sewer: 141 daAuts
